Construct Section Command Post
Selects Air and Sea Battlegroup
Construct Platoon Command Post
Unlock M3 Stuart Light Tanks
Construct Company Command Post
Unlock M3 Grant Medium Tanks
Selects Commando Section Paradrop
Selects Commando Support Section Paradrop
Construct Field Infirmary
Selects Commando Section Paradrop
Selects M1 Pack Howitzer Paradrop
Selects Anti-tank Rocket Loiter
Unlock Towed 17-pounder Anti-tank Guns
17-pounder Anti-tank Gun Team